[Event "Titled Tuesday Blitz November 15 Late 2022"]
[White "Sivakumar, Shaashwath"]
[Black "Gurevich, Dmitry"]
[WhiteFideId "30912156"]
[BlackFideId "2000407"]
[WhiteElo "2137"]
[BlackElo "2506"]
[Result "0-1"]
[Round "02"]
[TimeControl "180+1"]
[Date "2022.11.16"]
[WhiteClock "0:00:02"]
[BlackClock "0:00:10"]

1. d4 Nf6 2. c4 a6 3. Nc3 c5 4. d5 b5 5. cxb5 axb5 6. Nxb5 Qa5+ 7. Nc3 Bb7 8. Bd2 Qb6 9. e4 e6 10. Bc4 Nxe4 11. Nxe4 exd5 12. Bb3 dxe4 13. Qh5 Qg6 14. Qe5+ Be7 15. Ne2 Nc6 16. Qc7 Rb8 17. Nf4 Qd6 18. Nd5 O-O 19. Bf4 Qxc7 20. Bxc7 Ra8 21. Nxe7+ Nxe7 22. Bd6 Rfe8 23. Bxc5 Ba6 24. Kd2 Nc6 25. Ke3 Ne5 26. Bd4 Nc6 27. Rac1 Nxd4 28. Kxd4 Bd3 29. Rhe1 Kf8 30. Bd5 Ra4+ 31. Kc5 f5 32. Bb3 Ra6 33. Kd4 Rd6+ 34. Ke3 g5 35. g3 Kg7 36. Rc5 Kf6 37. Rec1 Ba6 38. Ra5 Rb8 39. Rcc5 Rd3+ 40. Ke2 Rdxb3+ 41. Rxa6+ R3b6 42. Rxb6+ Rxb6 43. b3 Ke6 44. Rc3 d5 45. a3 Ke5 46. b4 Kd4 47. Rb3 Ra6 48. b5 Ra8 49. Kd2 Kc4 50. Rb4+ Kc5 51. Rb3 d4 52. b6 f4 53. b7 Rb8 54. a4 Kc6 55. a5 Rxb7 0-1


[Site "https://www.chess.com"]

[Event "Titled Tuesday Blitz November 15 Late 2022"]
[White "Sonnenschein, Philipp"]
[Black "Mikaelyan, Arman"]
[WhiteFideId "16250877"]
[BlackFideId "13304852"]
[WhiteElo "2225"]
[BlackElo "2456"]
[Result "0-1"]
[Round "02"]
[TimeControl "180+1"]
[Date "2022.11.16"]
[WhiteClock "0:02:04"]
[BlackClock "0:02:21"]

1. e4 c5 2. Nf3 Nc6 3. Bb5 e6 4. O-O Nge7 5. d4 cxd4 6. Nxd4 Ng6 7. Nc3 Be7 8. Be3 O-O 9. Qd2 Qc7 10. Be2 a6 11. Rad1 b6 12. f4 Bb7 13. f5 Nge5 14. f6 Bxf6 15. Rxf6 gxf6 16. Bh6 Nxd4 17. Qxd4 Qc5 18. Qxc5 bxc5 19. Bxf8 Kxf8 20. Na4 Rc8 21. Rd6 Ke7 22. Rb6 Bxe4 23. Rxa6 Bxc2 24. Nc3 Bd3 0-1


[Site "https://www.chess.com"]

[Event "Titled Tuesday Blitz November 15 Late 2022"]
[White "Souleidis, Georgios"]
[Black "Bach, Matthias"]
[WhiteFideId "4206827"]
[BlackFideId "4603168"]
[WhiteElo "2401"]
[BlackElo "2165"]
[Result "1-0"]
[Round "02"]
[TimeControl "180+1"]
[Date "2022.11.16"]
[WhiteClock "0:00:08"]
[BlackClock "0:00:09"]

1. e4 e5 2. Nc3 Bc5 3. Bc4 d6 4. d3 Ne7 5. Na4 Nd7 6. Nxc5 Nxc5 7. Be3 Ne6 8. Ne2 O-O 9. O-O c6 10. Bb3 Kh8 11. d4 Ng6 12. dxe5 dxe5 13. Qxd8 Rxd8 14. Rad1 Bd7 15. Rd2 Ngf8 16. Rfd1 Be8 17. Rxd8 Rxd8 18. Rxd8 Nxd8 19. Bxa7 Nfe6 20. f3 b5 21. Kf2 Bd7 22. a4 bxa4 23. Bxa4 f6 24. Ke3 Kg8 25. Nc1 Nb7 26. Nd3 Kf8 27. Nb4 Ned8 28. Na6 Ke7 29. Nc5 Be8 30. Nxb7 Nxb7 31. Bb6 Kd6 32. b4 Bd7 33. c4 Be8 34. c5+ Ke7 35. g3 Bd7 36. f4 Nd8 37. Bxd8+ Kxd8 38. f5 Kc7 39. g4 h6 40. Kd3 Kb7 41. Kc4 Ka6 42. h3 Be8 43. Kc3 Kb7 44. Bb3 Ka6 45. Bc4+ Kb7 46. Kb3 Kc7 47. Ka4 Kb7 48. Ka5 Kc7 49. Ka6 Bd7 50. Ka7 Bc8 51. b5 cxb5 52. Bxb5 Bb7 53. Bd3 Kc6 54. Kb8 Kxc5 55. Kxb7 Kd4 56. Bb1 Ke3 57. Kc6 Kf4 58. Kd6 Kg3 59. Bc2 Kxh3 60. Bd1 Kg3 61. Ke6 Kf4 62. Kf7 Kxe4 63. Kxg7 Kd3 64. Kxf6 e4 65. g5 hxg5 66. Kxg5 Kd2 67. Bg4 e3 68. f6 1-0


[Site "https://www.chess.com"]

[Event "Titled Tuesday Blitz November 15 Late 2022"]
[White "Stanisz, Patryk"]
[Black "Tan, Ralph"]
[WhiteFideId "1123106"]
[BlackFideId "30966590"]
[WhiteElo "2069"]
[BlackElo "2059"]
[Result "0-1"]
[Round "02"]
[TimeControl "180+1"]
[Date "2022.11.16"]
[WhiteClock "0:00:03"]
[BlackClock "0:00:09"]

1. d4 Nf6 2. c4 g6 3. Nc3 Bg7 4. e4 d6 5. Be2 O-O 6. g4 c5 7. d5 b5 8. cxb5 a6 9. g5 Nfd7 10. Nf3 axb5 11. Bxb5 Ba6 12. Qe2 Ne5 13. Nxe5 Bxe5 14. O-O Bxb5 15. Qxb5 Nd7 16. Kg2 Rb8 17. Qe2 Qa5 18. Nd1 Qb5 19. Qg4 f5 20. gxf6 Nxf6 21. Qe6+ Rf7 22. f4 Bd4 23. Nc3 Bxc3 24. bxc3 Qe2+ 25. Rf2 Qxe4+ 26. Qxe4 Nxe4 27. Rb2 Ra8 28. a4 Nxc3 29. a5 Nxd5 30. a6 e6 31. Bd2 Rfa7 32. Rb7 Rxa6 33. Re1 Re8 34. f5 gxf5 35. Bh6 Ra2+ 36. Kh1 Nf6 37. Rg7+ Kh8 38. Reg1 Ng4 39. R7xg4 fxg4 40. Rxg4 Rb8 41. Rg1 e5 42. Bg7+ Kg8 43. Bxe5+ Kf7 44. Bxd6 Rbb2 45. Bc7 Rc2 46. Rf1+ Ke6 47. Re1+ Kd5 48. Bg3 h5 49. Rd1+ Kc4 0-1


[Site "https://www.chess.com"]

[Event "Titled Tuesday Blitz November 15 Late 2022"]
[White "Steinberg, Nitzan"]
[Black "Wu, Rochelle"]
[WhiteFideId "2801795"]
[BlackFideId "30908132"]
[WhiteElo "2491"]
[BlackElo "2217"]
[Result "1-0"]
[Round "02"]
[TimeControl "180+1"]
[Date "2022.11.16"]
[WhiteClock "0:01:58"]
[BlackClock "0:01:25"]

1. d4 d5 2. Nf3 c6 3. Bf4 Nf6 4. e3 e6 5. h3 Bd6 6. Bd3 h6 7. Nbd2 O-O 8. c3 Qe7 9. O-O Nbd7 10. Ne5 Bb8 11. Bh2 Nxe5 12. dxe5 Nd7 13. f4 Qc5 14. Qe2 a5 15. Rae1 Ba7 16. Nb3 Qe7 17. Bb1 a4 18. Nd4 f5 19. exf6 Nxf6 20. Kh1 Bd7 21. Nf3 c5 22. Ne5 Be8 23. Rd1 1-0


[Site "https://www.chess.com"]

[Event "Titled Tuesday Blitz November 15 Late 2022"]
[White "Suich, Peter D"]
[Black "Toncheva, Nadya"]
[WhiteFideId "2050366"]
[BlackFideId "2924056"]
[WhiteElo "2373"]
[BlackElo "2101"]
[Result "1-0"]
[Round "02"]
[TimeControl "180+1"]
[Date "2022.11.16"]
[WhiteClock "0:00:17"]
[BlackClock "0:00:03"]

1. d4 d5 2. c4 dxc4 3. e4 e5 4. Nf3 Bb4+ 5. Nbd2 c3 6. bxc3 Bxc3 7. Ba3 exd4 8. Bc4 Nc6 9. Qb3 Nh6 10. Rd1 Na5 11. Qb5+ Nc6 12. Qh5 Qf6 13. O-O Bg4 14. Qb5 Bxd2 15. e5 Qg6 16. Nxd4 Bxd1 17. Rxd1 Bf4 18. e6 Rd8 19. Re1 Bd6 20. exf7+ Kf8 21. Ne6+ Kxf7 22. Nxd8+ Kf8 23. Ne6+ Kf7 24. Nf4+ Kf8 25. Nxg6+ hxg6 26. Qd5 Nf5 1-0


[Site "https://www.chess.com"]

[Event "Titled Tuesday Blitz November 15 Late 2022"]
[White "Suleymanli, Suleyman"]
[Black "Madaminov, Mukhiddin"]
[WhiteFideId "13416375"]
[BlackFideId "14210703"]
[WhiteElo "2204"]
[BlackElo "2341"]
[Result "1-0"]
[Round "02"]
[TimeControl "180+1"]
[Date "2022.11.16"]
[WhiteClock "0:00:09"]
[BlackClock "0:00:01"]

1. e4 e5 2. Nf3 Nc6 3. Bb5 b6 4. O-O Nge7 5. d4 exd4 6. Nxd4 Bb7 7. Nc3 Nxd4 8. Qxd4 Nc6 9. Qe3 Be7 10. Qg3 O-O 11. e5 Nd4 12. Bd3 Re8 13. Be3 c5 14. f4 d6 15. Ne4 Bxe4 16. Bxd4 Bxd3 17. exd6 Bf8 18. Bxg7 Bxg7 19. Qxd3 Re6 20. Rad1 Bd4+ 21. Kh1 Rxd6 22. c3 Be5 23. Qf3 Bxf4 24. Qxf4 Rxd1 25. Qg4+ Kf8 26. Rxd1 Qf6 27. Qe4 Rd8 28. Rxd8+ Qxd8 29. h3 Qd1+ 30. Kh2 Qd6+ 31. Kh1 Qh6 32. Kh2 Qc1 33. Qxh7 Qxb2 34. Qh8+ Ke7 35. Qe5+ Kd7 36. Qd5+ Kc8 37. Qa8+ Kc7 38. Qxa7+ Kc6 39. Qa4+ b5 40. Qb3 Qf2 41. Kh1 Kb6 42. Kh2 Ka5 43. Qa3+ Kb6 44. Qb3 Qf4+ 45. Kh1 Qc1+ 46. Kh2 Ka5 47. h4 Qf4+ 48. g3 Qf2+ 49. Kh3 f5 50. Qd5 Kb6 51. Qd6+ Ka5 52. Qc7+ Ka6 53. Qc6+ Ka5 54. Qb7 c4 55. Qc7+ Ka6 56. Qc6+ Ka5 57. Qg2 Qe3 58. Qa8+ Kb6 59. h5 Qxc3 60. h6 1-0


[Site "https://www.chess.com"]

[Event "Titled Tuesday Blitz November 15 Late 2022"]
[White "Svane, Frederik"]
[Black "Halvax, Georg"]
[WhiteFideId "12923044"]
[BlackFideId "1619543"]
[WhiteElo "2466"]
[BlackElo "2482"]
[Result "0-1"]
[Round "02"]
[TimeControl "180+1"]
[Date "2022.11.16"]
[WhiteClock "0:00:02"]
[BlackClock "0:00:28"]

1. e4 c5 2. Nf3 Nc6 3. Bb5 g6 4. O-O Bg7 5. Bxc6 bxc6 6. Re1 Qc7 7. d3 d6 8. e5 dxe5 9. Nbd2 Nf6 10. Nxe5 O-O 11. Ndc4 Nd5 12. Qe2 Ba6 13. Bd2 f6 14. Nf3 e5 15. b3 Rae8 16. Be3 Qe7 17. Bd2 Qc7 18. Rac1 Bc8 19. h3 Ba6 20. Ba5 Qd7 21. Qf1 g5 22. Nfd2 f5 23. Nf3 e4 24. Nxg5 h6 25. dxe4 hxg5 26. exd5 cxd5 27. Ne5 Qc8 28. Nd3 c4 29. Nb4 Bb7 30. Rxe8 Rxe8 31. Re1 Re4 32. bxc4 dxc4 33. Rd1 Qc5 34. Rd7 Bc8 35. Rd5 Qe7 36. Nc6 Qe6 37. Qd1 Qxc6 38. Rd8+ Re8 39. Rd6 Qe4 40. f3 Qe3+ 41. Kh1 c3 42. Qd5+ Kh7 43. Bc7 Qe1+ 44. Kh2 Qe5+ 45. g3 Qe2+ 46. Kg1 Qe1+ 0-1


[Site "https://www.chess.com"]

[Event "Titled Tuesday Blitz November 15 Late 2022"]
[White "Swiercz, Dariusz"]
[Black "Martinovici, Ilia"]
[WhiteFideId "1126881"]
[BlackFideId "13907034"]
[WhiteElo "2627"]
[BlackElo "2306"]
[Result "1-0"]
[Round "02"]
[TimeControl "180+1"]
[Date "2022.11.15"]
[WhiteClock "0:00:17"]
[BlackClock "0:01:32"]

1. e4 c5 2. Nf3 e6 3. Nc3 Nc6 4. Bb5 Nge7 5. O-O a6 6. Bxc6 Nxc6 7. d4 cxd4 8. Nxd4 Qc7 9. Re1 Bd6 10. g3 Bc5 11. Nb3 Ba7 12. Bf4 Qd8 13. Bd6 Qf6 14. Qd2 Nd4 15. Nxd4 Qxd4 16. Rad1 Qxd2 17. Rxd2 f6 18. a4 b6 19. Red1 Bb7 20. Rd3 Bc6 21. b4 b5 22. axb5 axb5 23. Kg2 Kf7 24. f3 Bb6 25. Ne2 Ra2 26. R1d2 Rc8 27. Nd4 Bxd4 28. Rxd4 Bb7 29. Bc5 d5 30. exd5 Bxd5 31. Kf2 Rca8 32. R4d3 Rb2 33. Rc3 Ra1 34. Bd4 Rh1 35. Rc7+ Kg6 36. Bxb2 Rxh2+ 37. Ke3 Rh3 38. Rg2 e5 39. Rd7 Bc4 40. Rd6 Kf5 41. g4+ Kg6 42. Bxe5 Bf1 43. Rh2 1-0


[Site "https://www.chess.com"]

[Event "Titled Tuesday Blitz November 15 Late 2022"]
[White "Szente Varga, Fruzsina"]
[Black "Winterberg, Lukas"]
[WhiteFideId "712264"]
[BlackFideId "24622702"]
[WhiteElo "1994"]
[BlackElo "2349"]
[Result "1-0"]
[Round "02"]
[TimeControl "180+1"]
[Date "2022.11.16"]
[WhiteClock "0:00:25"]
[BlackClock "0:00:28"]

1. e4 e6 2. d4 d5 3. Nd2 c5 4. exd5 Qxd5 5. Ngf3 cxd4 6. Bc4 Qd7 7. O-O Nc6 8. Nb3 a6 9. Nbxd4 Nxd4 10. Nxd4 Qc7 11. Bb3 Nf6 12. c3 Bd6 13. h3 O-O 14. Bg5 Bh2+ 15. Kh1 Bf4 16. Bxf6 gxf6 17. Qh5 f5 18. Rad1 Kh8 19. Nf3 Rg8 20. Rd4 b5 21. Rfd1 Ra7 22. Qh4 Be5 23. Rd8 f6 24. Nxe5 fxe5 25. Qf6+ Qg7 26. Rxg8+ Kxg8 27. Rd8+ Qf8 28. Qxf8# 1-0


[Site "https://www.chess.com"]

[Event "Titled Tuesday Blitz November 15 Late 2022"]
[White "Szyszylo, Rafal"]
[Black "Gasparyan, David"]
[WhiteFideId "1109626"]
[BlackFideId "13311980"]
[WhiteElo "1981"]
[BlackElo "2275"]
[Result "0-1"]
[Round "02"]
[TimeControl "180+1"]
[Date "2022.11.16"]
[WhiteClock "0:00:01"]
[BlackClock "0:00:42"]

1. e4 d6 2. d4 a5 3. Nc3 Nd7 4. Be3 g6 5. Qd2 Bg7 6. h4 h6 7. f4 Ngf6 8. Nf3 Ng4 9. Bg1 c6 10. h5 Qc7 11. hxg6 fxg6 12. Nh4 Nf8 13. Bd3 Be6 14. O-O-O g5 15. f5 Bf7 16. Nf3 O-O-O 17. Be2 Nf6 18. e5 dxe5 19. Nxe5 Bg8 20. Kb1 Nd5 21. Bh2 Qb6 22. Na4 Qb4 23. Qxb4 axb4 24. Bf3 Nd7 25. Ng6 Bf6 26. Nxh8 Bxh8 27. Nc5 b6 28. Nxd7 Rxd7 29. g4 Bf6 30. Be5 Ne3 31. Rd3 Nc4 32. Bxf6 exf6 33. Rxh6 Re7 34. Rd1 Bd5 35. Bxd5 cxd5 36. Rxf6 Re2 37. b3 Na3+ 38. Ka1 Rxc2 39. Rxb6 Kc7 40. Rxb4 Rg2 41. Rc1+ Kd7 0-1


[Site "https://www.chess.com"]

[Event "Titled Tuesday Blitz November 15 Late 2022"]
[White "Tang, Andrew"]
[Black "Annaberdiyev, Babageldi"]
[WhiteFideId "2059630"]
[BlackFideId "14000385"]
[WhiteElo "2581"]
[BlackElo "2332"]
[Result "1-0"]
[Round "02"]
[TimeControl "180+1"]
[Date "2022.11.16"]
[WhiteClock "0:00:31"]
[BlackClock "0:00:36"]

1. d4 e6 2. Nf3 f5 3. g3 Nf6 4. Bg2 d5 5. O-O Bd6 6. b3 Qe7 7. Bb2 Nbd7 8. Nbd2 O-O 9. Ne5 c6 10. Ndf3 a5 11. Nd3 a4 12. Nfe5 a3 13. Bc1 Ne4 14. c4 Nxe5 15. dxe5 Bc7 16. Qc2 Bb6 17. b4 Bd4 18. Rb1 Ng5 19. c5 Nf7 20. Rb3 Nxe5 21. e3 Nxd3 22. exd4 Nxc1 23. Qxc1 e5 24. Re1 e4 25. Rxa3 Rxa3 26. Qxa3 Qf6 27. Qe3 g5 28. f4 exf3 29. Bxf3 f4 30. gxf4 gxf4 31. Qe5 Qxe5 32. Rxe5 Kf7 33. a4 Kf6 34. Kf2 Bf5 35. Be2 Ra8 36. a5 Be4 37. Bg4 Rg8 38. h3 h5 39. Rxh5 Rg7 40. Re5 Rh7 41. Re6+ Kg5 42. a6 bxa6 43. Rxc6 Rb7 44. Rb6 Ra7 45. c6 a5 46. Rb7 1-0


[Site "https://www.chess.com"]

[Event "Titled Tuesday Blitz November 15 Late 2022"]
[White "Tari, Aryan"]
[Black "Bayo Milagro, Alvaro"]
[WhiteFideId "1510045"]
[BlackFideId "22275240"]
[WhiteElo "2612"]
[BlackElo "2270"]
[Result "1-0"]
[Round "02"]
[TimeControl "180+1"]
[Date "2022.11.15"]
[WhiteClock "0:00:06"]
[BlackClock "0:00:01"]

1. Nf3 Nf6 2. g3 g6 3. d4 Bg7 4. Bg2 O-O 5. O-O d6 6. c4 c6 7. Nc3 Qb6 8. b3 Qa5 9. Bb2 Qh5 10. e4 Bh3 11. e5 Ng4 12. Ne4 Bxg2 13. Kxg2 dxe5 14. dxe5 Qf5 15. Qd4 Nd7 16. h3 Ngxe5 17. Nh4 Qe6 18. f4 c5 19. Qc3 Qc6 20. Rae1 Nf6 21. Qxe5 Nh5 22. Qg5 Bxb2 23. Nf5 Bf6 24. Qxf6 Qxe4+ 25. Rxe4 Nxf6 26. Nxe7+ Kg7 27. Re5 Rfe8 28. Rfe1 b6 29. Nc6 Rxe5 30. fxe5 Nd7 31. e6 fxe6 32. Rxe6 Nf8 33. Re7+ Kf6 34. Rxa7 Rxa7 35. Nxa7 Ke5 36. Nc6+ Ke4 37. a4 Kd3 38. Ne7 Kc3 39. Nd5+ Kxb3 40. Nxb6 Ne6 41. a5 Nc7 42. Kf3 Kb4 43. Ke4 Kxa5 44. Nd5 Ne6 45. Ke5 Nd4 46. Kd6 Ne2 47. g4 Ng1 48. h4 Nf3 49. h5 gxh5 50. gxh5 Nd2 51. Kxc5 Ka6 52. Nf6 h6 53. Kd5 Kb6 54. c5+ Kc7 55. Ne8+ Kd8 56. Ng7 Nf3 57. Nf5 Ng5 58. Nxh6 Nh7 59. Nf7+ Ke7 60. c6 Nf6+ 61. Kc5 Kxf7 62. c7 Nd7+ 63. Kc6 Ne5+ 64. Kb7 Nc4 65. Kc6 Ne5+ 66. Kd6 Nc4+ 67. Kc5 Nd6 68. Kxd6 1-0


[Site "https://www.chess.com"]

[Event "Titled Tuesday Blitz November 15 Late 2022"]
[White "Ter-Sahakyan, Samvel"]
[Black "Gubajdullin, Alexei"]
[WhiteFideId "13302531"]
[BlackFideId "4141202"]
[WhiteElo "2584"]
[BlackElo "2230"]
[Result "1-0"]
[Round "02"]
[TimeControl "180+1"]
[Date "2022.11.16"]
[WhiteClock "0:00:19"]
[BlackClock "0:00:04"]

1. d4 Nf6 2. c4 g6 3. Nc3 Bg7 4. e4 d6 5. Be2 O-O 6. Be3 Na6 7. Nf3 e5 8. O-O c6 9. Qc2 Re8 10. dxe5 dxe5 11. h3 Nh5 12. c5 Nf4 13. Bxa6 bxa6 14. Bxf4 exf4 15. Rad1 Qa5 16. Na4 h6 17. b3 Qb4 18. Rfe1 a5 19. Kh2 Ba6 20. e5 Rad8 21. Rd6 Bf8 22. Rxd8 Rxd8 23. e6 Qb7 24. Ne5 f5 25. Nxg6 Bg7 26. e7 Re8 27. Qxf5 f3 28. Qxf3 Qc7+ 29. g3 Bc8 30. Nc3 Kh7 31. Qe4 Kg8 32. Ne2 Qd7 33. Nef4 Qd2 34. Re2 Qc1 35. Ne6 Qf1 36. Ngf4 Bd7 37. Nxg7 Bxh3 38. Nxh3 Kxg7 39. Nf4 Qa1 40. Qg6+ 1-0


[Site "https://www.chess.com"]

[Event "Titled Tuesday Blitz November 15 Late 2022"]
[White "Terry, Renato"]
[Black "Sokolovsky, Yahli"]
[WhiteFideId "3803457"]
[BlackFideId "2820242"]
[WhiteElo "2577"]
[BlackElo "2316"]
[Result "1-0"]
[Round "02"]
[TimeControl "180+1"]
[Date "2022.11.15"]
[WhiteClock "0:01:16"]
[BlackClock "0:00:02"]

1. e4 d6 2. d4 g6 3. Nc3 Bg7 4. Be3 a6 5. h3 b5 6. g4 Bb7 7. Bg2 Nd7 8. Nge2 Rc8 9. O-O c5 10. d5 Ngf6 11. Qd2 Nb6 12. Bh6 Nc4 13. Qc1 Bxh6 14. Qxh6 Nxb2 15. g5 Nh5 16. Bf3 Nc4 17. Bxh5 gxh5 18. Ng3 Rg8 19. f4 Kd7 20. Qxh7 f6 21. h4 Ne3 22. Rf2 fxg5 23. hxg5 h4 24. Nf5 Rh8 25. Qf7 Nxf5 26. exf5 Kc7 27. f6 Kb8 28. Qxe7 Qb6 29. Ne4 Rcd8 30. f7 c4 31. Rd1 h3 32. Kh2 Qe3 33. Rdd2 c3 34. Rde2 Qd4 35. g6 b4 36. Qf6 Qxd5 37. g7 Rhg8 38. f8=Q Rdxf8 39. gxf8=Q+ Rxf8 40. Qxf8+ 1-0


[Site "https://www.chess.com"]

[Event "Titled Tuesday Blitz November 15 Late 2022"]
[White "Thiel, Thomas"]
[Black "Miszler, Levente"]
[WhiteFideId "4615964"]
[BlackFideId "763276"]
[WhiteElo "2228"]
[BlackElo "2176"]
[Result "1/2-1/2"]
[Round "02"]
[TimeControl "180+1"]
[Date "2022.11.16"]
[WhiteClock "0:01:14"]
[BlackClock "0:01:24"]

1. e4 e6 2. d4 d5 3. Nc3 f5 4. exf5 exf5 5. Qf3 Nf6 6. Bg5 Bb4 7. O-O-O c6 8. Re1+ Kf7 9. Bd3 h6 10. Bd2 g6 11. Nh3 Nbd7 12. Nf4 Nf8 13. h4 Ne6 14. Nxe6 Bxe6 15. h5 Nxh5 16. Bxf5 Bxf5 17. g4 Bxc3 18. bxc3 Ng7 19. Rxh6 Rxh6 20. Bxh6 Qh4 21. Bxg7 Kxg7 22. gxf5 Qg5+ 23. Kb2 Qxf5 24. Qxf5 gxf5 25. Re7+ Kf6 26. Rxb7 Kg5 27. c4 dxc4 28. Kc3 Re8 29. Rxa7 Re2 30. Rf7 Rxf2 31. a4 Rf1 32. Kxc4 Ra1 33. Kb4 f4 34. a5 Kg4 35. Kc5 Rxa5+ 36. Kxc6 Ra4 37. d5 Rc4+ 38. Kb7 Rxc2 39. d6 Rd2 40. Kc7 f3 41. d7 Kg3 42. d8=Q Rxd8 43. Kxd8 f2 44. Kd7 Kg2 45. Kd6 f1=Q 46. Rxf1 Kxf1 1/2-1/2


[Site "https://www.chess.com"]

[Event "Titled Tuesday Blitz November 15 Late 2022"]
[White "Tomiello, Lucas Costamilan"]
[Black "Young, Ryan"]
[WhiteFideId "22701940"]
[BlackFideId "2049945"]
[WhiteElo "2085"]
[BlackElo "2297"]
[Result "1-0"]
[Round "02"]
[TimeControl "180+1"]
[Date "2022.11.16"]
[WhiteClock "0:00:19"]
[BlackClock "0:00:04"]

1. e4 e5 2. Nf3 Nc6 3. Bb5 a6 4. Ba4 b5 5. Bb3 Na5 6. Nxe5 Nxb3 7. axb3 Qg5 8. Ng4 d5 9. Ne3 d4 10. Nf1 Qxg2 11. Ng3 Nf6 12. f3 Bd6 13. e5 Bxe5 14. Qe2 Qxe2+ 15. Nxe2 Bb7 16. O-O c5 17. d3 O-O 18. Nd2 Rfe8 19. Ne4 Nxe4 20. fxe4 f6 21. Bf4 Rac8 22. Rf2 c4 23. bxc4 bxc4 24. h4 cxd3 25. cxd3 Rc2 26. Bxe5 fxe5 27. Ng3 Rec8 28. Raf1 Rxf2 29. Rxf2 Rf8 30. Nf5 g6 31. Ne7+ Kg7 32. Rc2 Rf7 33. Rc7 Ba8 34. Ra7 h6 35. Rxa8 Rxe7 36. Rxa6 Rb7 37. Re6 Rxb2 38. Rxe5 Kf6 39. Rd5 Rb4 40. Kf2 Ke6 41. Kf3 Ra4 42. Kf4 Rb4 43. Re5+ Kf6 44. Ra5 Rb3 45. e5+ Kf7 46. Ke4 Rb4 47. Rd5 g5 48. hxg5 hxg5 49. Rxd4 Rb1 50. Kf5 Rg1 51. Rd7+ Ke8 52. Rg7 Rd1 53. Ke4 Re1+ 54. Kd5 Rd1 55. d4 g4 56. Rxg4 Ra1 57. e6 Ra5+ 58. Ke4 Ke7 59. d5 Ra4+ 60. Kf5 Ra1 61. Rg7+ Kf8 62. Rb7 Ke8 63. Ke5 Ra6 64. d6 Kf8 65. Kf6 Kg8 66. Rb8+ Kh7 67. e7 Rxd6+ 68. Ke5 Rd1 69. e8=Q Re1+ 70. Kf4 Rxe8 71. Rxe8 1-0


[Site "https://www.chess.com"]

[Event "Titled Tuesday Blitz November 15 Late 2022"]
[White "Torres Dominguez, David"]
[Black "Storey, Charles H"]
[WhiteFideId "2220857"]
[BlackFideId "406686"]
[WhiteElo "2037"]
[BlackElo "2252"]
[Result "0-1"]
[Round "02"]
[TimeControl "180+1"]
[Date "2022.11.16"]
[WhiteClock "0:00:03"]
[BlackClock "0:00:17"]

1. e4 g6 2. Nc3 Bg7 3. f4 c5 4. Nf3 Nc6 5. Be2 Nd4 6. d3 Nxe2 7. Nxe2 d6 8. O-O b6 9. Qe1 Bb7 10. Bd2 Bxb2 11. Bc3 Bxc3 12. Qxc3 Nf6 13. f5 O-O 14. fxg6 hxg6 15. Ng5 Kg7 16. Nf4 Qd7 17. h3 Rh8 18. e5 dxe5 19. Qxe5 Qd4+ 20. Qxd4 cxd4 21. Rfe1 Rhe8 22. Rab1 Rac8 23. Re2 Rc5 24. Nf3 Bxf3 25. gxf3 Rf5 26. Ng2 Rxf3 27. Rb4 e5 28. Rc4 Re6 29. Rc7 a5 30. Kh2 Nd5 31. Rb7 Nf4 32. Nxf4 Rxf4 33. Kg3 g5 34. a4 Kg6 35. Rd7 f6 36. Kh2 Rc6 37. Kg3 Rc8 38. Rd6 Rb8 39. Rxe5 Rc8 40. Re2 b5 41. axb5 Rc5 42. b6 Rb5 43. Ree6 a4 44. Rd7 Rf1 45. Ra7 Rfb1 46. Rxa4 Rxb6 0-1


[Site "https://www.chess.com"]

[Event "Titled Tuesday Blitz November 15 Late 2022"]
[White "Urazayev, Arystanbek"]
[Black "Besedes, Danilo"]
[WhiteFideId "13709810"]
[BlackFideId "946796"]
[WhiteElo "2441"]
[BlackElo "2352"]
[Result "1-0"]
[Round "02"]
[TimeControl "180+1"]
[Date "2022.11.16"]
[WhiteClock "0:00:11"]
[BlackClock "0:00:07"]

1. e4 d6 2. d4 Nf6 3. Nc3 e5 4. Nf3 Nbd7 5. Bc4 Be7 6. O-O O-O 7. h3 c6 8. a4 a5 9. Re1 h6 10. Bf1 Re8 11. b3 Qc7 12. Ba3 Bf8 13. d5 c5 14. Nd2 Nb8 15. Bb5 Bd7 16. Nc4 Na6 17. Bxd7 Nxd7 18. Nb5 Qb8 19. Nxa5 Nc7 20. Nxc7 Qxc7 21. Nc4 Be7 22. Bc1 Rf8 23. Bd2 f5 24. exf5 Rxf5 25. Ne3 Rf7 26. Qg4 Raf8 27. Re2 Bg5 28. Nf1 Nf6 29. Qc4 Nh7 30. Ng3 Bxd2 31. Rxd2 Rf4 32. Qc3 Ng5 33. Rf1 Qf7 34. Qe3 Qg6 35. Kh1 h5 36. Ne2 Re4 37. Qd3 Qf7 38. c3 h4 39. Ng1 Qh5 40. Re2 Ref4 41. Qc2 c4 42. b4 Qe8 43. a5 Qd7 44. Qg6 R4f5 45. f4 R8f6 46. Qh5 Nxh3 47. Qg4 Nxf4 48. Rxf4 exf4 49. Nf3 Qf7 50. b5 Rxd5 51. a6 bxa6 52. bxa6 Ra5 53. Qc8+ Kh7 54. Re8 Kg6 55. Qg4+ Kh7 56. Qc8 Kg6 57. Nxh4+ Kh5 58. Rh8+ Rh6 59. Nf3 Ra1+ 60. Kh2 Kg6+ 61. Rxh6+ gxh6 62. Qc6 Kh7 63. Qe4+ Qg6 64. Qe7+ Qg7 65. Qe4+ Qg6 66. Qb7+ Kh8 67. Qc8+ Qg8 68. Qh3 Qg3+ 69. Qxg3 fxg3+ 70. Kxg3 Rxa6 71. Nd4 Ra3 72. Nb5 Rb3 73. Nxd6 1-0


[Site "https://www.chess.com"]

[Event "Titled Tuesday Blitz November 15 Late 2022"]
[White "Urbina Perez, Juan Antonio"]
[Black "Svicevic, Rastko"]
[WhiteFideId "2217368"]
[BlackFideId "916315"]
[WhiteElo "2197"]
[BlackElo "2077"]
[Result "1-0"]
[Round "02"]
[TimeControl "180+1"]
[Date "2022.11.16"]
[WhiteClock "0:00:17"]
[BlackClock "0:00:11"]

1. e4 c6 2. Nf3 d5 3. d3 dxe4 4. dxe4 Qxd1+ 5. Kxd1 Bg4 6. Be2 Nd7 7. Ne1 Bxe2+ 8. Kxe2 e5 9. Be3 Ngf6 10. Nd2 Ng4 11. Bg5 Bc5 12. Nd3 Bb6 13. Nc4 f6 14. Bh4 Bc7 15. f3 Nh6 16. a4 Nf7 17. Bf2 O-O-O 18. a5 Kb8 19. Rhd1 Rhe8 20. c3 Ng5 21. h4 Ne6 22. g3 b5 23. axb6 axb6 24. Ne3 Kb7 25. Nb4 Ndc5 26. Nf5 g6 27. Ne3 b5 28. Ng4 Rf8 29. Rxd8 Bxd8 30. Ne3 Bb6 31. Ng4 h5 32. Ne3 Rd8 33. Rd1 Rxd1 34. Nxd1 Na4 35. Bxb6 Kxb6 36. Ke3 Nc7 37. f4 c5 38. Nd3 c4 39. Nb4 Kc5 40. f5 gxf5 41. exf5 Nb6 42. Ke4 Nc8 43. Ne3 Nd6+ 44. Kf3 Nce8 45. g4 hxg4+ 46. Kxg4 Ng7 47. h5 Nf7 48. Nbd5 Nh6+ 49. Kf3 Ne8 50. Ne7 Ng7 51. Ng4 Nxh5 52. Nxh6 b4 53. Ng4 bxc3 54. bxc3 Kd6 55. Ng6 Kd5 56. Ne7+ Kd6 57. Ng8 Ng7 58. N8xf6 Nxf5 59. Ne4+ Kd5 60. Ne3+ Nxe3 61. Kxe3 1-0


[Site "https://www.chess.com"]

[Event "Titled Tuesday Blitz November 15 Late 2022"]
[White "Vlassov, Nikolai"]
[Black "Yano, William Jorge Froes"]
[WhiteFideId "4103360"]
[BlackFideId "2112949"]
[WhiteElo "2324"]
[BlackElo "2122"]
[Result "1-0"]
[Round "02"]
[TimeControl "180+1"]
[Date "2022.11.16"]
[WhiteClock "0:00:16"]
[BlackClock "0:00:12"]

1. e4 e6 2. d4 d5 3. exd5 exd5 4. Nf3 Nc6 5. Bd3 Bd6 6. O-O Nge7 7. Re1 Bg4 8. c3 Qd7 9. Nbd2 O-O-O 10. b4 Rdg8 11. b5 Nd8 12. Qa4 Kb8 13. Ne5 Bxe5 14. dxe5 h5 15. Nb3 Ne6 16. Be3 Nc8 17. f3 g5 18. fxg4 hxg4 19. Qxg4 Rh4 20. Qg3 Rgh8 21. h3 g4 22. hxg4 Ne7 23. Rf1 d4 24. Nxd4 Nxd4 25. Bxd4 Rxg4 26. Qf3 Rhg8 27. Rf2 Rg3 28. Qe4 Qh3 29. Rd1 Ng6 30. Kf1 Qh2 31. Ke2 Nh4 32. Rdf1 Nxg2 33. e6 Qh5+ 34. Kd2 fxe6 35. Rf8+ Qe8 36. Rxe8+ Rxe8 37. Qxe6 Rgg8 38. Qd5 Nh4 39. Rf7 Rd8 40. Qc5 Rc8 41. Qxa7# 1-0


[Site "https://www.chess.com"]